[Event "Team 45 45 League T64"]
[Site "Internet Chess Club"]
[Date "2015.03.27"]
[Round "4"]
[White "az2112"]
[Black "Constrictor"]
[Result "1-0"]
[WhiteElo "1645"]
[BlackElo "1655"]
[Opening "Torre attack (Tartakower variation)"]
[ECO "D03"]
[Time "21:03:38"]
[TimeControl "2700+45"]

1. d4 Nf6 2. Nf3 d5 3. Bg5 Bf5 4. e3 Nbd7 5. Bd3 e6 6. Bxf5 exf5 7. Nc3 c6 8.
Qd3 g6 9. Ne5 Bg7 10. O-O Qc7 11. Bf4 Nh5 12. Nxg6 Nxf4 13. Nxf4 O-O-O 14. Nh5
Rhg8 15. Qxf5 Kb8 16. Qxf7 Rdf8 17. Qe7 Bf6 18. Nxf6 Rxf6 19. Qxh7 Rfg6 20. g3
Qd6 21. Ne2 Nf6 22. Qh4 Ka8 23. c3 Ne4 24. Qf4 Qe6 25. Rad1 Rh6 26. Qf3 Rgh8 27.
h4 Qg8 28. Qg2 Rg6 29. c4 Rxh4 30. cxd5 cxd5 31. Nc3 Nxg3 32. fxg3 Rxg3 33. Rf8+
Qxf8 34. Qxg3 Qh8 35. Rf1 Rh7 36. Rf4 Rh3 37. Rf8+ Qxf8 38. Qxh3 Qg8+ 39. Kf2 a6
40. Qf3 Qh7 41. Nxd5 Qc2+ 42. Qe2 Qf5+ 43. Nf4 Qh7 44. Ke1 Qb1+ 45. Kf2 Qh7 46.
Kf3 Qh1+ 47. Kg4 Qg1+ 48. Kf5 Qg7 49. Qg4 Qd7+ 50. Ne6 Qd5+ 51. Kf6 Qxa2 52. Nc5
Qxb2 53. Qc8+ Ka7 54. Qxb7+ Qxb7 55. Nxb7 Kxb7 56. d5 Kc7 57. Ke7 a5 58. d6+ Kc6
59. d7 {Black resigns} 1-0

[Event "Team 45 45 League T64"]
[Site "Internet Chess Club"]
[Date "2015.03.28"]
[Round "4"]
[White "elessar"]
[Black "Chess-Boy"]
[Result "1-0"]
[WhiteElo "1592"]
[BlackElo "1642"]
[Opening "Alekhine's defense: exchange variation"]
[ECO "B02"]
[Time "18:00:13"]
[TimeControl "2700+45"]

1. e4 Nf6 2. e5 Nd5 3. c4 Nb6 4. d4 d6 5. exd6 exd6 6. Nc3 Be7 7. h3 Bf5 8. Nf3
O-O 9. Be2 c5 10. Be3 Nc6 11. d5 Nb8 12. O-O Bf6 13. Bd3 Bxd3 14. Qxd3 N8d7 15.
Bf4 Ne5 16. Bxe5 Bxe5 17. Nxe5 dxe5 18. Ne4 Rc8 19. b3 f5 20. Nc3 Rf6 21. Rae1
e4 22. Qe3 Nd7 23. f3 exf3 24. Rxf3 Kf8 25. Ne2 Qe8 26. Nf4 Qxe3+ 27. Rfxe3 Kg8
28. Re7 Rf7 29. R7e3 Nf6 30. Ne6 Ne4 31. g4 g6 32. gxf5 gxf5 33. Rf3 Kh8 34.
Rxe4 Rg7+ 35. Nxg7 fxe4 36. Rg3 Rg8 37. Kf2 Rxg7 38. Rxg7 Kxg7 39. Ke3 a6 40.
Kxe4 Kf6 41. Kf4 b5 42. a4 bxa4 43. bxa4 a5 44. h4 h5 45. Ke4 Kf7 46. Kf5 {Black
resigns} 1-0

[Event "Team 45 45 League T64"]
[Site "Internet Chess Club"]
[Date "2015.03.31"]
[Round "4"]
[White "drsigmund1"]
[Black "Hal2001"]
[Result "0-1"]
[WhiteElo "1507"]
[BlackElo "1575"]
[Opening "Modern defense"]
[ECO "A40"]
[Time "13:30:14"]
[TimeControl "2700+45"]

1. d4 g6 2. Nf3 Bg7 3. Bf4 c5 4. c3 cxd4 5. cxd4 Nf6 6. Nc3 Nc6 7. e4 d6 8. Qd2
O-O 9. Bh6 Qa5 10. Bxg7 Kxg7 11. Be2 Bg4 12. O-O Rad8 13. h3 Bxf3 14. Bxf3 Qb6
15. Rad1 e5 16. Nd5 Nxd5 17. exd5 Nxd4 18. Be4 f5 19. Bb1 Qb5 20. f4 Qxd5 21.
Qc3 Ne2+ 22. Kh1 Nxc3 23. Rxd5 Nxd5 24. fxe5 dxe5 25. Rc1 Rc8 26. Re1 e4 27. a3
Nf4 28. Kh2 Rfd8 29. Kg3 Nd3 30. Bxd3 Rxd3+ {White resigns} 0-1

[Event "Team 45 45 League T64"]
[Site "Internet Chess Club"]
[Date "2015.03.26"]
[Round "4"]
[White "Greedy-Reedy"]
[Black "Bryant-L"]
[Result "1-0"]
[WhiteElo "1937"]
[BlackElo "1709"]
[Opening "French: Winawer, advance, 5.a3"]
[ECO "C17"]
[Time "12:01:09"]
[TimeControl "2700+45"]

1. e4 e6 2. d4 d5 3. Nc3 Bb4 4. e5 c5 5. a3 cxd4 6. axb4 dxc3 7. Qg4 cxb2 8.
Bxb2 Kf8 9. Bd3 Nh6 10. Qf4 Bd7 11. Nf3 Nc6 12. b5 Ne7 13. O-O Qe8 14. Nd4 b6
15. Ra2 Nhf5 16. Rfa1 Nxd4 17. Bxd4 Bxb5 18. Bxb6 a6 19. Qb4 Rb8 20. Bc7 Rb7 21.
Bd6 Qd7 22. Bxb5 Rxb5 23. Bxe7+ Qxe7 24. Qxb5 {Black resigns} 1-0

[Event "Team 45 45 League T64"]
[Site "Internet Chess Club"]
[Date "2015.03.29"]
[Round "4"]
[White "ToniMostarda"]
[Black "OperaDude94"]
[Result "1/2-1/2"]
[WhiteElo "1692"]
[BlackElo "1824"]
[Opening "QGD Slav: Czech defense"]
[ECO "D17"]
[Time "18:03:22"]
[TimeControl "2700+45"]

1. Nf3 d5 2. d4 Nf6 3. c4 c6 4. Nc3 dxc4 5. a4 Bf5 6. Nh4 Bg4 7. h3 Bh5 8. g4
Bg6 9. Nxg6 hxg6 10. e3 e6 11. Bxc4 Bb4 12. Qf3 Nbd7 13. Kf1 Qe7 14. e4 O-O 15.
Bg5 e5 16. d5 Qc5 17. Bb3 cxd5 18. Nxd5 Nxd5 19. Bxd5 Qc2 20. Kg2 Qxb2 21. Rab1
Qa3 22. Qxa3 Bxa3 23. Rxb7 Nb6 24. Bb3 Rac8 25. Rxa7 Rc3 26. Rb1 Bc5 27. Ra6 Rc8
28. a5 Nc4 29. Ba4 f6 30. Rb3 Bd4 31. Bh4 Nd2 32. Rxc3 Rxc3 33. Bc6 Ra3 34. Ra8+
Kh7 35. a6 Nb3 36. g5 f5 37. Bd5 Nc5 38. Bg8+ Kh8 39. Bf7+ Kh7 40. exf5 Rxa6 41.
Rxa6 Nxa6 42. Bxg6+ Kg8 43. Kf3 Nc5 44. Be8 Nd3 45. Bc6 Bb6 46. Be4 Nc5 47. Bc2
Kf7 48. g6+ Ke8 49. f6 Ne6 50. fxg7 Nxg7 51. Bf6 Kf8 52. Bxe5 Ne6 53. Bb3 Nd4+
54. Bxd4 Bxd4 55. h4 Kg7 56. h5 Bc5 57. Kg3 Kf6 58. f4 Bf8 59. Kg4 Bh6 60. f5
Bg7 61. Be6 Bh6 62. Kh4 Bg7 63. Kg4 Bh6 {Game drawn by mutual agreement} 1/2-1/2

[Event "Team 45 45 League T64"]
[Site "Internet Chess Club"]
[Date "2015.03.30"]
[Round "4"]
[White "Innes"]
[Black "idjit"]
[Result "1-0"]
[WhiteElo "1660"]
[BlackElo "1615"]
[Opening "Sicilian: Smith-Morra gambit"]
[ECO "B21"]
[Time "18:00:50"]
[TimeControl "2700+45"]

1. e4 c5 2. d4 cxd4 3. c3 d5 4. e5 dxc3 5. Nxc3 d4 6. Nb5 Nc6 7. Nf3 Bg4 8. Bc4
Bxf3 9. Qxf3 Nxe5 10. Qxb7 Rc8 11. Bf4 Qd7 12. Qxd7+ Kxd7 13. Be2 Ng6 14. Bg3 e5
15. Bg4+ {Black resigns} 1-0

[Event "Team 45 45 League T64"]
[Site "Internet Chess Club"]
[Date "2015.03.26"]
[Round "4"]
[White "pokerram"]
[Black "rookfish"]
[Result "1-0"]
[WhiteElo "1756"]
[BlackElo "1273"]
[Opening "QGD: Grau (Sahovic) defense"]
[ECO "D06"]
[Time "18:00:55"]
[TimeControl "2700+45"]

1. d4 d5 2. c4 Bf5 3. Nc3 Nf6 4. Nf3 e6 5. Bg5 Be7 6. e3 Nbd7 7. c5 a6 8. b4 b5
9. Bf4 O-O 10. Be2 Ng4 11. h3 Ngf6 12. Be5 Nxe5 13. Nxe5 Ne4 14. Nxe4 Bxe4 15.
O-O Qe8 16. f4 f6 17. Nf3 Qg6 18. Qe1 Kf7 19. Nh4 Qh6 20. g4 g5 21. fxg5 Qxg5
22. Qf2 Ke8 23. Nf3 Qh6 24. Kh2 f5 25. Rg1 Bg5 26. Nxg5 Qxg5 27. h4 fxg4 28.
Qxf8+ Kxf8 29. hxg5 Ke7 30. Rxg4 Bf5 31. Rg3 c6 32. a4 Bc2 33. axb5 cxb5 34.
Bxb5 Rf8 35. Rxa6 Rf2+ 36. Kg1 Re2 37. Bxe2 Bf5 38. b5 Bg6 39. Ra7+ Kf8 40. c6
Be8 41. c7 Kg7 42. c8=Q+ Kg6 43. Qxe6# {Black checkmated} 1-0

[Event "Team 45 45 League T64"]
[Site "Internet Chess Club"]
[Date "2015.03.27"]
[Round "4"]
[White "bradleyguo175"]
[Black "rayonline53"]
[Result "0-1"]
[WhiteElo "1707"]
[BlackElo "1505"]
[Opening "Benkö gambit accepted"]
[ECO "A58"]
[Time "17:02:41"]
[TimeControl "2700+45"]

1. d4 Nf6 2. c4 c5 3. d5 b5 4. cxb5 a6 5. bxa6 d6 6. Nc3 Bxa6 7. g3 g6 8. Bg2
Bg7 9. Nf3 O-O 10. O-O Qa5 11. Re1 Nbd7 12. Bd2 Qc7 13. Qc2 Rab8 14. Rab1 Rb7
15. e4 Ng4 16. Bh3 Nge5 17. Nxe5 Nxe5 18. Bg2 Bd3 19. Qc1 Bxb1 20. Qxb1 Nc4 21.
Qc1 Nxb2 22. Qc2 Rfb8 23. Nd1 Nxd1 24. Rxd1 Rb2 25. Qa4 Qb7 26. Be3 Ra8 27. Qc6
Qxc6 28. dxc6 Rc8 29. e5 Bxe5 30. Bxc5 dxc5 {White resigns} 0-1

[Event "Team 45 45 League T64"]
[Site "Internet Chess Club"]
[Date "2015.03.26"]
[Round "4"]
[White "evan7284"]
[Black "cloak1"]
[Result "1-0"]
[WhiteElo "1619"]
[BlackElo "1510"]
[Opening "Queen's pawn game"]
[ECO "D02"]
[Time "11:00:28"]
[TimeControl "2700+45"]

1. d4 d5 2. Nf3 e6 3. Bg5 Be7 4. Bxe7 Qxe7 5. c3 Nf6 6. Nbd2 Nc6 7. e3 O-O 8.
Bd3 e5 9. dxe5 Nxe5 10. Nxe5 Qxe5 11. Qc2 Bg4 12. h3 Bh5 13. g4 Bg6 14. O-O-O
Bxd3 15. Qxd3 Ne4 16. Nxe4 dxe4 17. Qd5 Qxd5 18. Rxd5 Rfd8 19. Rhd1 Rxd5 20.
Rxd5 Kf8 21. c4 Re8 22. Kc2 Re6 23. g5 h6 24. h4 hxg5 25. hxg5 Ke7 26. Kc3 b6
27. b4 c6 28. Rf5 g6 29. Rf4 Re5 30. Kd4 Rxg5 31. Rxe4+ Kd6 32. Rf4 f5 33. c5+
Ke6 34. cxb6 axb6 35. a4 Rg1 36. Kc3 g5 37. Rd4 Rf1 38. Rd2 Ra1 39. Kb3 b5 40.
a5 c5 41. bxc5 Rxa5 42. Kb4 Ra1 43. Kxb5 Rc1 44. Kb6 Rb1+ 45. Kc7 Ke7 46. c6 Rc1
47. Rd7+ Ke6 48. Rd6+ Ke7 49. Rd2 Ke8 50. Rd5 f4 51. exf4 gxf4 52. Re5+ Kf7 53.
Rf5+ Ke6 54. Rxf4 Kd5 55. Rf6 Ke5 56. Rf3 Kd5 57. Rd3+ Ke4 58. Rd6 Ke5 59. Kd7
Rc2 60. f4+ Kxf4 61. c7 Ke5 62. Rd1 Rc3 63. c8=Q Rxc8 64. Kxc8 Ke6 65. Rd7 Ke5
66. Kc7 Ke6 67. Kc6 Ke5 68. Rd6 Ke4 69. Rd5 Kf4 70. Kd6 Ke4 71. Ke6 Kf4 72. Re5
Kf3 73. Kf5 Kg3 74. Re3+ Kg2 75. Kf4 Kf2 76. Rf3+ Kg2 77. Ke3 Kg1 78. Rf2 Kh1
79. Ra2 Kg1 80. Kf3 Kh1 81. Kg3 Kg1 82. Ra1# {Black checkmated} 1-0

[Event "Team 45 45 League T64"]
[Site "Internet Chess Club"]
[Date "2015.03.29"]
[Round "4"]
[White "RUPIS"]
[Black "losscause"]
[Result "1/2-1/2"]
[WhiteElo "1568"]
[BlackElo "1600"]
[Opening "Caro-Kann: classical variation"]
[ECO "B18"]
[Time "15:02:44"]
[TimeControl "2700+45"]

1. e4 c6 2. d4 d5 3. Nc3 dxe4 4. Nxe4 Bf5 5. Ng3 Bg6 6. Nf3 Nd7 7. Bc4 e6 8. O-O
Ngf6 9. Bf4 Be7 10. Re1 O-O 11. Qd2 Nh5 12. Nxh5 Bxh5 13. Ne5 Nxe5 14. Bxe5 Bf6
15. Bxf6 Qxf6 16. Re3 Rad8 17. c3 Rfe8 18. Rae1 h6 19. Bd3 Rd5 20. Re5 Red8 21.
f4 Bg6 22. Bxg6 Qxg6 23. Rf1 Rxe5 24. fxe5 Qg5 25. Qf2 Qe7 26. Qg3 Qg5 {Game
drawn by mutual agreement} 1/2-1/2

[Event "Team 45 45 League T64"]
[Site "Internet Chess Club"]
[Date "2015.03.27"]
[Round "4"]
[White "werty"]
[Black "Bible-Believer"]
[Result "1/2-1/2"]
[WhiteElo "1558"]
[BlackElo "1534"]
[Opening "Sicilian defense"]
[ECO "B40"]
[Time "14:30:55"]
[TimeControl "2700+45"]

1. e4 c5 2. Nf3 e6 3. d3 d5 4. Nbd2 Nc6 5. g3 Be7 6. Bg2 dxe4 7. dxe4 e5 8. O-O
Nf6 9. b3 O-O 10. Bb2 Qc7 11. Nc4 Bg4 12. Qe2 Nd4 13. Qd3 Nxf3+ 14. Bxf3 Rad8
15. Qe3 Bd6 16. Nxd6 Qxd6 17. Rad1 Qc7 18. Rxd8 Rxd8 19. Bxg4 Nxg4 20. Qg5 {Game
drawn by mutual agreement} 1/2-1/2

[Event "Team 45 45 League T64"]
[Site "Internet Chess Club"]
[Date "2015.03.25"]
[Round "4"]
[White "bluesun"]
[Black "Schachteufel"]
[Result "0-1"]
[WhiteElo "1511"]
[BlackElo "1717"]
[Opening "Two knights defense"]
[ECO "C58"]
[Time "18:00:22"]
[TimeControl "2700+45"]

1. e4 e5 2. Nf3 Nc6 3. Bc4 Nf6 4. Ng5 d5 5. exd5 Na5 6. Bb5+ c6 7. dxc6 bxc6 8.
Bd3 h6 9. Ne4 Nd5 10. O-O Nf4 11. Nbc3 Nxd3 12. cxd3 Qxd3 13. Qa4 Qd8 14. Re1
Bd7 15. Qc2 Be7 16. Ng3 Qc7 17. Qe4 O-O 18. d3 Bd6 19. b4 f5 20. Qh4 f4 21. bxa5
fxg3 22. hxg3 Qxa5 23. Bd2 Bc5 24. Qc4+ Kh8 25. Re2 Bd4 26. Rae1 Bg4 27. Ne4 Qb6
28. Re3 Bxe3 29. Bxe3 Qb5 30. Qc1 Be6 31. Bxh6 Qb7 32. Nc5 Qf7 33. Rxe5 Bd5 34.
Bf4 Rae8 35. Rg5 Qe7 36. Be5 Rf7 37. d4 Ref8 38. Rg4 Kh7 39. Qc2+ Kg8 40. Rh4
Rf5 41. Rh3 Qg5 42. Nd7 R8f7 43. f4 Qg4 44. Nc5 Rh5 45. Rxh5 Qxh5 46. Qb1 Qe2
47. Qf1 Qxa2 48. g4 Qc4 49. Qxc4 Bxc4 50. Kf2 Bd5 51. g3 a5 52. Ke3 Ra7 53. Kd3
a4 54. Kc2 a3 55. Kb1 a2+ 56. Ka1 Ra3 57. f5 Rf3 58. Bf4 Rf1+ 59. Kb2 a1=Q+ 60.
Kc2 Rf3 {White resigns} 0-1

[Event "Team 45 45 League T64"]
[Site "Internet Chess Club"]
[Date "2015.03.30"]
[Round "4"]
[White "Bizzy-Ketty"]
[Black "krysto"]
[Result "1-0"]
[WhiteElo "1562"]
[BlackElo "1618"]
[Opening "French: Tarrasch, closed variation"]
[ECO "C05"]
[Time "19:00:13"]
[TimeControl "2700+45"]

1. e4 e6 2. d4 d5 3. Nd2 Nf6 4. Bd3 c5 5. c3 Nc6 6. Ngf3 dxe4 7. Nxe4 cxd4 8.
cxd4 Bb4+ 9. Nc3 O-O 10. O-O Nxd4 11. Nxd4 e5 12. Nb3 b6 13. Bg5 Bb7 14. Qe2 Re8
15. Rad1 Qe7 16. Ne4 h6 17. Nxf6+ {Black resigns} 1-0

[Event "Team 45 45 League T64"]
[Site "Internet Chess Club"]
[Date "2015.03.27"]
[Round "4"]
[White "Berke"]
[Black "MasterD"]
[Result "0-1"]
[WhiteElo "1585"]
[BlackElo "1471"]
[Opening "French: Rubinstein variation"]
[ECO "C10"]
[Time "17:00:48"]
[TimeControl "2700+45"]

1. e4 e6 2. d4 d5 3. Nc3 dxe4 4. Nxe4 Nd7 5. Bd3 Ngf6 6. Bg5 Be7 7. Ng3 b6 8.
Qf3 Rb8 9. Qe2 Bb7 10. f3 h6 11. Bd2 O-O 12. Nh3 c5 13. c3 cxd4 14. cxd4 Re8 15.
O-O Nf8 16. Bc3 Rc8 17. Ne4 Nd5 18. Rac1 Bb4 19. Rfd1 f5 20. Nef2 Nxc3 21. bxc3
Rxc3 22. Rxc3 Bxc3 23. Bb5 Re7 24. Qd3 Ba5 25. Nf4 Qc7 26. Ne2 a6 27. Bxa6 Bxa6
28. Qxa6 Qc2 29. Qd3 Qxa2 30. g4 g5 31. gxf5 exf5 32. Nc1 Qd5 33. Nb3 Rd7 34.
Nxa5 bxa5 35. Rd2 Ne6 36. Qe3 Qc4 37. Rd1 Rxd4 38. Rxd4 Nxd4 39. Qe8+ Kg7 40.
Qe5+ Kg6 41. Qxa5 Nxf3+ 42. Kg2 Nh4+ 43. Kg3 Qf4+ 44. Kh3 Qf3# {White
checkmated} 0-1

[Event "Team 45 45 League T64"]
[Site "Internet Chess Club"]
[Date "2015.04.01"]
[Round "4"]
[White "Regista"]
[Black "Jack-ONeill"]
[Result "1/2-1/2"]
[WhiteElo "2273"]
[BlackElo "2094"]
[Opening "English: Neo-Catalan declined"]
[ECO "A14"]
[Time "13:04:32"]
[TimeControl "2700+45"]

1. Nf3 d5 2. c4 e6 3. g3 Nf6 4. Bg2 Be7 5. O-O O-O 6. b3 b6 7. Bb2 Bb7 8. e3 c5
9. Nc3 dxc4 10. bxc4 Nc6 11. Qe2 Rc8 12. Rad1 Qc7 13. Ne1 a6 14. f4 Na7 15. a4
Bxg2 16. Nxg2 Qb7 17. g4 Ne4 18. f5 Bf6 19. Nxe4 Qxe4 20. Rf4 Qc2 21. Bxf6 gxf6
22. fxe6 fxe6 23. Rdf1 Rcd8 24. R4f2 Nc6 25. Nf4 Qe4 26. Nh5 f5 27. gxf5 exf5
28. Rf4 Qe6 29. Ng3 Ne7 30. R1f2 Qe5 31. Qf1 Kh8 32. e4 Rd4 33. exf5 Rxf4 34.
Rxf4 Ng8 35. Re4 Qg7 36. Qf3 Qa1+ 37. Kg2 Rd8 38. Re2 Nf6 39. Qc6 Qd4 40. Qe6
Rg8 41. Qe5 Qxe5 42. Rxe5 Rd8 43. Re6 Rxd2+ 44. Kf3 Nd7 45. a5 bxa5 46. Rxa6
Ne5+ 47. Kf4 Nxc4 48. Ne4 Rd4 49. f6 Kg8 50. Ra8+ Kf7 51. Ra7+ Kf8 52. Ra8+ Kf7
53. Ra7+ Kf8 54. Ra8+ Kf7 {Game drawn by repetition} 1/2-1/2

[Event "Team 45 45 League T64"]
[Site "Internet Chess Club"]
[Date "2015.03.29"]
[Round "4"]
[White "Ptzz"]
[Black "Pomberito"]
[Result "0-1"]
[WhiteElo "2066"]
[BlackElo "2087"]
[Opening "English: Neo-Catalan declined"]
[ECO "A14"]
[Time "09:06:45"]
[TimeControl "2700+45"]

1. c4 Nf6 2. g3 e6 3. Bg2 d5 4. Nf3 Be7 5. O-O O-O 6. b3 Nbd7 7. Bb2 b6 8. d4
Bb7 9. cxd5 exd5 10. Nc3 c6 11. Qc1 Bd6 12. Ba3 Qe7 13. Bxd6 Qxd6 14. Qc2 Rfe8
15. a3 Rac8 16. b4 Ba6 17. Rfd1 Bc4 18. e3 g6 19. Nd2 Ba6 20. Rab1 h5 21. a4 h4
22. b5 Bb7 23. Qd3 hxg3 24. hxg3 c5 25. Nf3 Ne4 26. Nd2 cxd4 27. Ncxe4 dxe4 28.
Nxe4 Bxe4 29. Bxe4 Nc5 30. Qxd4 Qxd4 31. Rxd4 Rxe4 32. Rc1 Rce8 33. a5 Rxd4 34.
exd4 Nb3 35. axb6 axb6 36. Rc6 Nxd4 37. Rxb6 Re1+ 38. Kg2 Rb1 39. Rb8+ Kg7 40.
b6 Nc6 41. Rb7 Na5 42. Rb8 Nc4 43. b7 Nd6 44. f4 Rxb7 {White resigns} 0-1

[Event "Team 45 45 League T64"]
[Site "Internet Chess Club"]
[Date "2015.03.30"]
[Round "4"]
[White "Baseta"]
[Black "Holgate"]
[Result "0-1"]
[WhiteElo "1851"]
[BlackElo "2041"]
[Opening "English opening"]
[ECO "A05"]
[Time "11:00:15"]
[TimeControl "2700+45"]

1. Nf3 Nf6 2. c4 g6 3. g3 Bg7 4. Bg2 O-O 5. O-O d6 6. d4 Nc6 7. d5 Na5 8. Qa4 c5
9. Bd2 b6 10. Bxa5 bxa5 11. Nc3 Rb8 12. Qc2 Qb6 13. Rab1 Bd7 14. h3 Qb4 15. Nd2
a4 16. b3 axb3 17. Rxb3 Qa5 18. Rfb1 Rb4 19. a3 Rb6 20. Rxb6 axb6 21. Nb5 Rb8
22. Qd3 h5 23. Kh2 Qa4 24. Qb3 Ra8 25. Qxa4 Rxa4 26. Ne4 Rxc4 27. Nec3 Bxb5 28.
Nxb5 Rc2 29. Bf3 Nd7 30. Kg2 c4 31. e3 c3 32. Nd4 Ra2 33. Rc1 Rxa3 34. Nb5 Rb3
35. Be2 Nc5 36. Bc4 Rb2 37. Nxc3 Bxc3 38. Rxc3 Rxf2+ 39. Kxf2 Ne4+ 40. Ke2 Nxc3+
41. Kd3 Na4 42. Bb5 Nc5+ 43. Kd4 Kg7 44. Be2 Kf6 45. Kc4 Ke5 46. Bf3 Nd7 47. Kb5
Nf6 48. Kc4 g5 49. e4 g4 50. hxg4 hxg4 51. Bg2 Nxe4 52. Kb5 Nxg3 53. Kxb6 Nf5
{White resigns} 0-1

[Event "Team 45 45 League T64"]
[Site "Internet Chess Club"]
[Date "2015.03.29"]
[Round "4"]
[White "ArturitoGalacti"]
[Black "Intemperate"]
[Result "1/2-1/2"]
[WhiteElo "2004"]
[BlackElo "1975"]
[Opening "English opening"]
[ECO "A10"]
[Time "12:16:12"]
[TimeControl "2700+45"]

1. c4 b6 2. Nc3 c5 3. Nf3 Bb7 4. g3 Bxf3 5. exf3 Nc6 6. Bg2 g6 7. O-O Bg7 8. f4
e6 9. b3 Nge7 10. Bb2 O-O 11. d3 d5 12. Qc1 Nb4 13. Rd1 d4 14. Ne2 Nbc6 15. a3
a5 16. Qc2 Qd6 17. Bc1 Nf5 18. Bd2 Rfb8 19. b4 axb4 20. axb4 Rxa1 21. Rxa1 Nxb4
22. Bxb4 cxb4 23. Qa4 b5 24. cxb5 Bf8 25. Bc6 Ne7 26. Rc1 Nd5 27. Qc2 Nc3 28.
Kf1 Nxb5 29. Qc4 Na3 30. Qb3 Rc8 31. Ba4 Rxc1+ 32. Nxc1 Qc5 33. Ne2 Bg7 34. Kg1
Kf8 35. h4 Ke7 36. Kh2 Nb5 37. Bxb5 Qxb5 38. Nc1 Kd7 39. Qa2 Qb6 40. Nb3 Kd8 41.
Qa8+ Ke7 42. Qc8 Bf6 43. Qc4 Kd6 44. Nd2 Kd7 45. Nb3 Kd6 46. Nd2 Kd7 {Game drawn
by mutual agreement} 1/2-1/2

[Event "Team 45 45 League T64"]
[Site "Internet Chess Club"]
[Date "2015.03.28"]
[Round "4"]
[White "gtmorton"]
[Black "SlimeDog2"]
[Result "1-0"]
[WhiteElo "1976"]
[BlackElo "2001"]
[Opening "King's Indian: Torre attack"]
[ECO "A48"]
[Time "16:01:49"]
[TimeControl "2700+45"]

1. d4 Nf6 2. Nf3 g6 3. Bg5 Bg7 4. Nbd2 d5 5. c3 Nbd7 6. e3 h6 7. Bh4 c5 8. Bd3
O-O 9. O-O b6 10. Rc1 Bb7 11. c4 cxd4 12. exd4 dxc4 13. Nxc4 Nd5 14. Nd6 Qb8 15.
Nxb7 Qxb7 16. Bb5 Rac8 17. Qa4 Nb8 18. Bc4 e6 19. Rfe1 a6 20. Qb3 g5 21. Bg3
Rfd8 22. h4 Nc6 23. hxg5 hxg5 24. Qd1 b5 25. Bb3 Bf6 26. Nxg5 Nxd4 27. Rxc8 Rxc8
28. Qh5 Bg7 29. Qh7+ Kf8 30. Bd6+ Ne7 31. Qh5 {Black resigns} 1-0

[Event "Team 45 45 League T64"]
[Site "Internet Chess Club"]
[Date "2015.03.28"]
[Round "4"]
[White "jt2000"]
[Black "Greedy-Reedy"]
[Result "1-0"]
[WhiteElo "2157"]
[BlackElo "1930"]
[Opening "Giuoco Piano"]
[ECO "C54"]
[Time "12:07:07"]
[TimeControl "2700+45"]

1. e4 e5 2. Nf3 Nc6 3. Bc4 Bc5 4. c3 Nf6 5. d4 exd4 6. cxd4 Bb4+ 7. Bd2 Nxe4 8.
Bxb4 Nxb4 9. Bxf7+ Kxf7 10. Qb3+ d5 11. Qxb4 Re8 12. O-O Kg8 13. Nc3 Nf6 14.
Rfe1 c6 15. Rxe8+ Nxe8 16. Na4 Qd6 17. Qb3 b6 18. Re1 Nf6 19. Qe3 Bd7 20. Qe7
Qxe7 21. Rxe7 Re8 22. Rxe8+ Bxe8 23. Kf1 Kf7 24. Ke2 Ke6 25. Nc3 Kd6 26. Ne5 c5
27. Ke3 a6 28. f4 Nd7 29. Nxd7 Bxd7 30. Ne2 Bg4 31. Ng3 g6 32. Nf1 h6 33. Nd2
Bd1 34. Nb1 Bc2 35. Nc3 Bf5 36. Ne2 Be4 37. g3 Bf5 38. Nc1 Kc6 39. Nd3 h5 40.
Ne5+ Kb5 41. Nd3 a5 42. Ne5 a4 43. a3 Ka5 44. h3 Kb5 45. g4 hxg4 46. hxg4 Be4
47. Nd7 Kc6 48. Ne5+ Kb5 49. Nd7 Kc6 50. Ne5+ Kd6 51. Nd3 Ke6 52. Nc1 Bc2 53.
Ne2 Bd1 54. Kd2 Bxe2 55. Kxe2 Kf6 56. Kd3 Ke6 57. Kc3 Kd6 58. Kc2 Ke6 59. dxc5
bxc5 60. b3 axb3+ 61. Kxb3 d4 62. Kc4 Kd6 63. a4 Kc7 64. a5 Kc6 65. a6 Kb6 66.
a7 Kxa7 67. f5 gxf5 68. gxf5 d3 69. Kxd3 Kb6 70. f6 Kb5 71. f7 c4+ 72. Kc3
{Black resigns} 1-0

[Event "Team 45 45 League T64"]
[Site "Internet Chess Club"]
[Date "2015.03.27"]
[Round "4"]
[White "willhelm"]
[Black "Goli"]
[Result "1-0"]
[WhiteElo "1932"]
[BlackElo "1670"]
[Opening "King's Indian: 6.Be2"]
[ECO "E91"]
[Time "18:17:36"]
[TimeControl "2700+45"]

1. d4 Nf6 2. Nf3 g6 3. c4 Bg7 4. Nc3 O-O 5. e4 d6 6. Be2 Bg4 7. O-O Nbd7 8. Be3
c6 9. h3 Bxf3 10. Bxf3 e5 11. d5 cxd5 12. Nxd5 b6 13. Nxf6+ Nxf6 14. Qd3 Qc7 15.
Rad1 Rfd8 16. b3 h6 17. Qe2 Kh7 18. Rd3 Ne8 19. Rfd1 f5 20. exf5 gxf5 21. Bxa8
Rxa8 22. Qf3 {Black resigns} 1-0

[Event "Team 45 45 League T64"]
[Site "Internet Chess Club"]
[Date "2015.03.26"]
[Round "4"]
[White "spand42"]
[Black "nilobasenji"]
[Result "1-0"]
[WhiteElo "1972"]
[BlackElo "1833"]
[Opening "Petrov's defense"]
[ECO "C42"]
[Time "16:02:47"]
[TimeControl "2700+45"]

1. e4 e5 2. Nf3 Nf6 3. d3 Nc6 4. g3 d6 5. Bg2 Be7 6. O-O O-O 7. c3 h6 8. Ne1 Bg4
9. f3 Be6 10. f4 exf4 11. gxf4 Bg4 12. Nf3 Qd7 13. Kh1 d5 14. e5 Nh5 15. d4 f6
16. Qd3 Bf5 17. Qe2 g5 18. exf6 Nxf6 19. fxg5 hxg5 20. Bxg5 Ne4 21. Bxe7 Qxe7
22. Qe1 Rae8 23. Nbd2 Rf7 24. Qh4 Rh7 25. Qxe7 Rexe7 26. Nxe4 Bxe4 27. Rae1 Rhf7
28. Ng5 Rxf1+ 29. Rxf1 Bxg2+ 30. Kxg2 Na5 31. h4 Nc4 32. Rf2 Ne3+ 33. Kg3 Nd1
34. Rd2 Ne3 35. Kf3 Nf5 36. Kg4 Ne3+ 37. Kh5 b6 38. Kg6 Ng4 39. h5 Rg7+ 40. Kf5
Ne3+ 41. Kf4 Nc4 42. Re2 Nd6 43. Re6 a5 44. h6 Rd7 45. h7+ Kh8 46. Rg6 Rd8 47.
Ke5 Nc4+ 48. Kf6 Rd6+ 49. Kf7 Rxg6 50. Kxg6 Nd6 51. Nf7+ Nxf7 52. Kxf7 Kxh7 53.
Ke6 Kg7 54. Kxd5 Kf7 55. Kc6 {Black resigns} 1-0

[Event "Team 45 45 League T64"]
[Site "Internet Chess Club"]
[Date "2015.03.28"]
[Round "4"]
[White "CaptK"]
[Black "bondguy01"]
[Result "1/2-1/2"]
[WhiteElo "1760"]
[BlackElo "1791"]
[Opening "King's Indian: London system"]
[ECO "A48"]
[Time "17:00:15"]
[TimeControl "2700+45"]

1. d4 Nf6 2. Nf3 g6 3. Bf4 Bg7 4. e3 O-O 5. Be2 d6 6. h3 c5 7. c3 b6 8. O-O Bb7
9. Nbd2 Nbd7 10. Nb3 Qc8 11. a4 a6 12. Nbd2 Qc6 13. Nc4 Rfe8 14. Ne1 d5 15. Ne5
Nxe5 16. Bxe5 Bh6 17. Nd3 Nd7 18. Bf4 Bg7 19. Bg4 e6 20. Rc1 a5 21. Bf3 c4 22.
Ne1 b5 23. axb5 Qxb5 24. Rb1 a4 25. Bd6 Nb8 26. Nc2 Na6 27. Qd2 Red8 28. Ba3 Bc6
29. Be2 Qb7 30. f4 f5 31. g4 Nc7 32. h4 Ne8 33. Kf2 Nf6 34. Bf3 fxg4 35. Bh1 h5
36. Kg3 Bf8 37. Nb4 Bg7 38. Qc2 Ne4+ 39. Bxe4 dxe4 40. Qe2 Bd5 41. Qc2 Rd7 42.
Rfd1 Rf7 43. Rf1 Rf5 44. Qe2 Bf8 45. Qc2 Kg7 46. Qe2 Be7 47. Rh1 Qd7 48. Rbd1
Bd6 49. Kg2 Be7 50. Kg3 {Game drawn by mutual agreement} 1/2-1/2

[Event "Team 45 45 League T64"]
[Site "Internet Chess Club"]
[Date "2015.03.30"]
[Round "4"]
[White "Chess-Boy"]
[Black "clarinetref"]
[Result "0-1"]
[WhiteElo "1623"]
[BlackElo "1590"]
[Opening "Robatsch (modern) defense"]
[ECO "B06"]
[Time "21:00:22"]
[TimeControl "2700+45"]

1. e4 g6 2. d4 d6 3. Nc3 Bg7 4. Be3 c6 5. f3 Nd7 6. Bd3 Qc7 7. Nge2 e6 8. Qd2 a6
9. O-O-O d5 10. h4 h5 11. g4 b5 12. Nb1 c5 13. c3 Bb7 14. gxh5 Rxh5 15. Rdg1
dxe4 16. Bxe4 Bxe4 17. fxe4 Ndf6 18. Qc2 cxd4 19. Nxd4 Qe5 20. Nd2 Rc8 21. N4f3
Qc7 22. Bd4 Ne7 23. Rg5 Nc6 24. Rxh5 Nxd4 25. Rh8+ Bxh8 26. Nxd4 Ng4 27. N2f3
Ne3 28. Qh2 Qc4 29. Kd2 Ng4 30. Qg1 Ne5 31. h5 Qd3+ 32. Kc1 Nxf3 33. Nxf3 Bxc3
34. bxc3 Rxc3+ 35. Kb2 Rc2+ 36. Ka1 Qc3+ {White resigns} 0-1

[Event "Team 45 45 League T64"]
[Site "Internet Chess Club"]
[Date "2015.03.29"]
[Round "4"]
[White "deepfort"]
[Black "Greedy-Reedy"]
[Result "0-1"]
[WhiteElo "1522"]
[BlackElo "1933"]
[Opening "Polish (Sokolsky) opening"]
[ECO "A00"]
[Time "08:05:08"]
[TimeControl "2700+45"]

1. b4 e5 2. Bb2 Bxb4 3. Bxe5 Nf6 4. c4 O-O 5. e3 d5 6. cxd5 Nxd5 7. Nf3 Re8 8.
Be2 Rxe5 9. Nxe5 Qf6 10. f4 Nxe3 11. Kf2 Nxd1+ {White resigns} 0-1